 Dungeon Crawl Stone Soup version 0.31-a0-662-g684573625c (webtiles) character file.

Game seed: 4122263486421284456

1026 Arcadio the Ruffian (level 8, -4/80 HPs)
             Began as a Troll Fighter on Aug 31, 2023.
             Was a Priest of Zin.
             Slain by a shadow (32 damage)
             ... on level 5 of the Dungeon.
             The game lasted 00:08:55 (3423 turns).

Arcadio the Ruffian (Troll Fighter)                 Turns: 3423, Time: 00:08:55

Health: -4/80      AC:  5    Str: 28    XL:     8   Next: 2%
Magic:  5/7        EV: 12    Int:  5    God:    Zin [***...]
Gold:   244        SH:  0    Dex: 16    Spells: 7/7 levels left

rFire   + .          .
                       - Unarmed
rCold   . . .        (no shield)
rNeg    . . .        a - +0 robe
rPois   ∞            (helmet restricted)
rElec   .            j - +0 cloak
rCorr   .            (gloves unavailable)
SInv    .            (boots unavailable)
Will    .....        (no amulet)
Stlth   +            r - +6 ring of dexterity
HPRegen 1.13/turn    o - ring of protection from fire
MPRegen 0.10/turn

%: no passive effects
@: vitalised, on recite cooldown
A: large, unfitting armour, claws 3, regeneration 1, shaggy fur 1, tough skin 1
a: Renounce Religion, Recite, Vitalisation, Imprison, Donate Gold


You were on level 5 of the Dungeon.
You worshipped Zin.
Zin was most pleased with you.
You visited 1 branch of the dungeon, and saw 5 of its levels.
You also visited: Sewer.

You collected 271 gold pieces.
You donated 27 gold pieces to Zin.

Inventory:

Armour
 a - a +0 robe (worn)
 b - a +0 kite shield
 j - a +0 cloak (worn)
Jewellery
 d - a ring of wizardry
 l - a ring of positive energy
 o - a ring of protection from fire (right claw)
 r - a +6 ring of dexterity (left claw)
Scrolls
 e - a scroll of fear
 m - a scroll of fog {unknown}
 n - 2 scrolls of butterflies {unknown}
 p - 2 scrolls of teleportation {unknown}
 q - 2 scrolls of blinking
Potions
 c - 2 potions of might
 f - 2 potions of curing
 g - a potion of attraction
 h - a potion of lignification {unknown}
 i - 2 potions of mutation
 k - 2 potions of enlightenment


   Skills:
 + Level 5.1 Fighting
 + Level 5.0 Dodging
 - Level 2.6 Shields
 + Level 5.6 Unarmed Combat


You had 7 spell levels left.
You didn't know any spells.
Your spell library was empty.

Dungeon Overview and Level Annotations

Branches:
Dungeon (5/15) Zot: 26722   Sewer (visited)
 Temple: D:4-7

Altars:
Zin


Innate Abilities, Weirdness & Mutations

You are too large for most types of armour.
You have claws for hands.
Your natural rate of healing is unusually fast.
You are covered in fur. (AC +1)
You have tough skin. (AC +1)


Message History

Deactivating autopickup; reactivate with Ctrl-A.
The shadow strikes at you from the darkness!
Reactivating autopickup.
You claw the shadow!
The shadow is heavily damaged.
The shadow slips into darkness.
The shadow flickers and vanishes!
Deactivating autopickup; reactivate with Ctrl-A.
The shadow strikes at you from the darkness!
Reactivating autopickup.
You barely miss the shadow.
The shadow is heavily damaged.
The shadow hits you.
You closely miss the shadow.
The shadow is heavily damaged.
The shadow slips into darkness.
The shadow flickers and vanishes!
Deactivating autopickup; reactivate with Ctrl-A.
Okay, then.
You fail to use your ability.
The shadow strikes at you from the darkness!
Reactivating autopickup.
Activating: Recite (8% risk of failure)
Press: ? - help, Dir - look around, f - activate You clear your throat and prepare to recite. "And Zin, furious at their chaos, held..."
The shadow slips into darkness.
The shadow flickers and vanishes!
Deactivating autopickup; reactivate with Ctrl-A. "...aloft a silver sceptre!
The hordes of the Abyss..." "...were ousted, and thus the way of things was maintained."
You finish reciting Abominations 24:16.
The shadow strikes at you from the darkness!
Reactivating autopickup.
Zin grants you divine stamina.
The shadow slips into darkness.
The shadow flickers and vanishes!
Deactivating autopickup; reactivate with Ctrl-A.
The shadow strikes at you from the darkness!
You die...

######## # ##......## .#
##........### ..#
####............ ...#
..............# ....#
#............#####.....#
#..........##........#
#####...))....@##.########
....##...)....##..#
#....).........###
..##..............#
..#..........###.#
#.#..........###.###########
#####.#..........##..##...##...##
................................#
##~~..##........##.##............


There were no monsters in sight!

Vanquished Creatures
  Grinder (D:4)
  A phantom (D:5)
  A centaur (D:3)
  A kobold brigand (D:4)
  2 bullfrogs (Sewer)
  A jelly (D:4)
  2 orc priests (D:5)
  2 sleepcaps (D:4)
  An orc wizard (D:4)
  12 adders
  4 gnolls (D:3)
  2 worms (D:2)
  3 dart slugs
  14 orcs
  10 ball pythons
  7 endoplasms
  17 giant cockroaches
  9 goblins
  4 hobgoblins
  14 jackals
  6 kobolds
  13 quokkas
  7 bats
  15 frilled lizards
  2 rats
151 creatures vanquished.

Notes
Turn   | Place    | Note
-------+----------+-------------------------------------------
     0 | D:1      | Arcadio the Troll Fighter began the quest for the Orb.
     0 | D:1      | Reached XP level 1. HP: 22/22 MP: 0/0
    61 | D:1      | Reached XP level 2. HP: 29/29 MP: 1/1
    93 | D:1      | Found a faded altar of an unknown god.
   336 | D:1      | Reached XP level 3. HP: 36/36 MP: 2/2
   968 | D:2      | Reached XP level 4. HP: 41/45 MP: 3/3
  1164 | D:2      | Found a glowing silver altar of Zin.
  1178 | D:2      | Became a worshipper of Zin the Law-Giver
  1279 | D:2      | Reached * piety under Zin
  1497 | D:3      | Reached XP level 5. HP: 32/53 MP: 4/4
  1935 | D:3      | Noticed a centaur
  1944 | D:3      | Killed a centaur
  2189 | D:4      | Reached ** piety under Zin
  2196 | D:4      | Reached XP level 6. HP: 62/62 MP: 5/5
  2359 | D:4      | Noticed Grinder
  2404 | D:4      | Killed Grinder
  2440 | D:4      | Reached XP level 7. HP: 69/71 MP: 6/6
  2577 | D:4      | Reached skill level 5 in Unarmed Combat
  2843 | D:5      | Entered Level 5 of the Dungeon
  2942 | D:5      | Found a glowing drain.
  2973 | Sewer    | Entered a sewer
  3225 | Sewer    | Reached skill level 5 in Fighting
  3342 | D:5      | Reached skill level 5 in Dodging
  3346 | D:5      | Reached XP level 8. HP: 42/80 MP: 7/7
  3355 | D:5      | Reached *** piety under Zin
  3423 | D:5      | Slain by a shadow

Illustrated notes

Levels and vault maps discovered:
D:1:      wander_arrival_peaceful_grave, layout_loops_corners,
          hellmonk_ecumenical_altar_dog_temple
D:2:      layout_rooms, basic_altar
D:3:      layout_rooms, serial_corexii_hall, corexii_hall_statues_s,
          chequers_hall_statues_corner_a, corexii_hall_statues_x,
          uniq_crazy_yiuf_cottage
D:4:      minmay_octagon_keep, layout_basic, st_stairs_8, uniq_grinder
D:5:      layout_rooms, gup_sewer_entry_pipe

Skill      XL: |  1  2  3  4  5  6  7 |
---------------+----------------------+-----
Fighting       | 3 4 5 |  5.1
Dodging        | 3 4 5 |  5.0
Unarmed Combat | 3 4 5 |  5.6
Shields        | |  2.6

Action                     |  1- 3 |  4- 6 |  7- 9 || total
---------------------------+-------+-------+-------++-------
  Melee: Unarmed           |    96 |   158 |   152 ||   406
         Punch             |     1 |     2 |     3 ||     6
 Invoke: Vitalisation      |       |       |     2 ||     2
         Recite            |       |       |     1 ||     1
    Use: Scroll            |       |     5 |       ||     5
   Stab: Sleeping          |     2 |     1 |       ||     3
 Armour: Robe              |    57 |   108 |    98 ||   263
  Dodge: Dodged            |    41 |    73 |    63 ||   177

Table legend: (Time is in decaauts)
 A = Elapsed time spent in this place.
 B = Non-inter-level travel time spent in this place.
 C = Inter-level travel time spent in this place.
 D = Time resting spent in this place.
 E = Time spent auto-exploring this place.
 F = Levels seen in this place.
 G = Mean time per level.
                   A        B        C        D        E       F      G
               +--------+--------+--------+--------+--------+-----+--------+
         Total |   3392 |   3263 |    129 |     10 |   2105 |   6 |  565.3 |
       Dungeon |   3101 |   2972 |    129 |     10 |   2011 |   5 |  620.2 |
         Sewer |    291 |    291 |      0 |      0 |     94 |   1 |  291.0 |
               +--------+--------+--------+--------+--------+-----+--------+

Top non-repeatable levels by time:
     D:1: 881 daAuts
     D:4: 761 daAuts
     D:3: 655 daAuts
     D:2: 526 daAuts
   Sewer: 291 daAuts
     D:5: 276 daAuts
